Map: Ruinas de Endión

Players

xXkazperXx - Winner!

  • Race: Zerg Zerg
  • League: Bronze

RANURA DE IA (Difícil)

  • Race: Zerg Zerg

VOD

Have the link to the VOD?

Description

Time

  • Played on: April 8, 2016, 8:18 p.m.
  • Length: 8:02
Show
View Real Time Build Order
Export as new Build Order

xXkazperXx Zerg - Winner!

Build Orders: Pool First 

Get SALT Encoding   

  12  0:01  Drone  
  13  0:09  Drone  
  14  0:17  Overlord  
  14  0:36  Spawning Pool  
  14  0:37  Drone  
  14  0:41  Drone  
  15  0:50  Extractor  
  14  0:58  Drone x2  
  14  1:02  Drone  
  17  1:24  Zergling x4  
  17  1:25  Queen  
  21  1:36  Roach Warren  
  21  1:37  Drone  
  21  1:42  Drone  
  22  1:53  Overlord  
  22  2:18  Overlord  
  22  2:24  Roach  
  22  2:27  Roach  
  26  2:33  Roach x2  
  30  2:45  Roach x2  
  34  2:57  Roach  
  36  3:06  Zergling x2  
  36  3:07  Zergling x2  
  36  3:09  Overlord  
  38  3:31  Roach x3  
  44  3:36  Extractor, Drone x3  
  46  3:53  Overlord  
  36  4:38  Roach x4  
  36  4:39  Roach  
  38  5:37  Zergling x2  
  38  5:38  Zergling x4  
  38  5:39  Roach x3  
  45  5:47  Lair  
  45  6:13  Hatchery  
Show
View Real Time Build Order
Export as new Build Order

RANURA DE IA (Difícil) Zerg 

Build Orders: Pool First 

Get SALT Encoding   

  12  0:01  Drone  
  13  0:12  Overlord  
  13  0:17  Drone  
  14  0:30  Drone  
  14  0:32  Drone  
  16  0:43  Spawning Pool  
  16  0:45  Drone  
  16  0:49  Drone  
  17  0:52  Extractor  
  17  0:55  Drone  
  17  1:06  Overlord  
  17  1:29  Queen  
  17  1:31  Zergling x2  
  20  1:36  Roach Warren  
  20  1:38  Drone  
  20  1:41  Extractor  
  20  1:43  Zergling x2  
  20  1:49  Drone  
  21  2:00  Drone  
  22  2:10  Overlord  
  22  2:21  Drone  
  23  2:32  Roach  
  23  2:36  Drone  
  26  2:43  Roach, Overlord  
  28  2:55  Roach  
  30  3:06  Roach  
  30  3:08  Overlord  
  32  3:18  Roach  
  34  3:29  Roach  
  36  3:39  Overlord  
  36  3:41  Roach  
  38  3:42  Drone  
  38  3:47  Drone  
  40  3:50  Drone  
  40  3:52  Roach  
  43  3:58  Drone  
  44  4:07  Baneling Nest  
  44  4:08  Drone  
  44  4:10  Drone  
  44  4:11  Roach  
  44  4:13  Drone  
  48  4:22  Zergling x2  
  39  4:34  Zergling x2  
  34  4:45  Roach  
  31  4:57  Roach  
  31  5:07  Queen  
  29  5:08  Roach  
  29  5:20  Roach  
  29  5:24  Drone  
  29  5:31  Roach  
  29  5:43  Roach, Drone  
  32  5:53  Evolution Chamber, Drone  
  32  5:54  Zergling x2  
  33  6:04  Drone  
  34  6:13  Drone  
  34  6:14  Roach  
  34  6:15  Drone  
  34  6:16  Drone  
  39  6:26  Zergling x2  
  40  6:35  Evolution Chamber  
  40  6:37  Drone  
  40  6:38  Lair  
  40  6:40  Hatchery  
  40  6:45  Roach  
  34  6:57  Roach  
  22  7:18  Zergling x2  
  17  7:29  Drone  
  8  7:38  Drone  
  8  7:40  Drone x2  
Tags
 
Add a new tag
Caveats
  • Supply blocks, unpowered buildings, or Contaminate may cause inaccurate times.
  • Supply counts are checked every 10 seconds.